[Event "Team 45 45 League T54"]
[Site "Internet Chess Club"]
[Date "2012.08.23"]
[Round "2"]
[White "Goldenberg"]
[Black "Just-Jim"]
[Result "1-0"]
[WhiteElo "1585"]
[BlackElo "1350"]
[Opening "Bishop's opening: Berlin defense"]
[ECO "C24"]
[Time "17:00:21"]
[TimeControl "2700+45"]

1. e4 e5 2. Bc4 Nf6 3. d3 h6 4. Nc3 Bb4 5. Nf3 d6 6. Bd2 O-O 7. O-O c6 8. a3 Bc5
9. Na4 Bb6 10. Nxb6 Qxb6 11. b4 d5 12. exd5 cxd5 13. Be3 Qd6 14. Bb3 Bg4 15. Bc5
Bxf3 16. Qxf3 Qd7 17. Bxf8 Kxf8 18. Rad1 Nc6 19. Ba4 Nd4 20. Bxd7 Nxf3+ 21. gxf3
Nxd7 22. c4 d4 23. Rfe1 f6 24. Kg2 a5 25. Ra1 a4 26. Kg3 Kf7 27. f4 exf4+ 28.
Kxf4 Ne5 29. Ke4 Re8 30. f4 Nc6+ 31. Kd5 Rd8+ 32. Kc5 Ne7 33. Re4 Nf5 34. b5 Rd6
35. Rae1 Ne3 36. Kxd6 {Black resigns} 1-0

[Event "Team 45 45 League T54"]
[Site "Internet Chess Club"]
[Date "2012.08.23"]
[Round "2"]
[White "kingsrook"]
[Black "MasterD"]
[Result "1-0"]
[WhiteElo "1299"]
[BlackElo "1121"]
[Opening "Queen's pawn game"]
[ECO "D02"]
[Time "12:02:10"]
[TimeControl "2700+45"]

1. d4 d5 2. Nf3 c6 3. e3 e6 4. Bd3 Nd7 5. Nbd2 b6 6. O-O Bb7 7. Re1 Qc7 8. e4 f6
9. exd5 cxd5 10. Rxe6+ Ne7 11. Nf1 O-O-O 12. Ne3 Ng6 13. g3 Bd6 14. Nf5 Bf8 15.
Qe2 Rg8 16. Bd2 Bc6 17. Rc1 Kb7 18. Ba6+ Kb8 19. Re8 Bd6 20. Rxd8+ Rxd8 21. Nxd6
Qxd6 22. Re1 Kc7 23. h4 Nb8 24. Bd3 Re8 25. Qf1 Rxe1 26. Qxe1 Nf8 27. Bf4 Qxf4
28. gxf4 Nfd7 29. Qe7 g6 30. Qxh7 Ba4 31. Qxg6 Kc6 32. h5 b5 33. h6 Nf8 34.
Qxf6+ Kc7 35. Qxf8 Nc6 36. h7 Kb6 37. h8=Q b4 38. b3 Bb5 39. Qc5+ Kc7 40. Qh7+
Kc8 41. Bxb5 Kb8 42. Qxc6 a5 43. Qe8# {Black checkmated} 1-0

[Event "Team 45 45 League T54"]
[Site "Internet Chess Club"]
[Date "2012.08.25"]
[Round "2"]
[White "ethan0627"]
[Black "johnnyw"]
[Result "1-0"]
[WhiteElo "1395"]
[BlackElo "1107"]
[Opening "Scandinavian: Pytel-Wade variation"]
[ECO "B01"]
[Time "15:00:14"]
[TimeControl "2700+45"]

1. e4 d5 2. exd5 Qxd5 3. Nc3 Qd6 4. Nf3 Nf6 5. d4 a6 6. Bc4 b5 7. Bb3 Bb7 8. Be3
e6 9. O-O Be7 10. Qe2 O-O 11. Rad1 h6 12. Rfe1 Ng4 13. Bc1 Bxf3 14. Qxf3 Qxh2+
15. Kf1 Qh5 16. Qxa8 c6 17. Qb7 Bd6 18. Ne4 Nh2+ 19. Kg1 Bb4 20. c3 Ba5 21. Bf4
Nf3+ 22. gxf3 Qg6+ 23. Kf1 {Black resigns} 1-0

[Event "Team 45 45 League T54"]
[Site "Internet Chess Club"]
[Date "2012.08.24"]
[Round "2"]
[White "fuzzface"]
[Black "Cicero"]
[Result "0-1"]
[WhiteElo "1333"]
[BlackElo "1347"]
[Opening "English: symmetrical variation"]
[ECO "A30"]
[Time "15:00:46"]
[TimeControl "2700+45"]

1. c4 c5 2. g3 g6 3. Bg2 Bg7 4. e3 d6 5. d4 cxd4 6. exd4 Nc6 7. Ne2 Nf6 8. a3
O-O 9. O-O e5 10. Bg5 Nxd4 11. Nxd4 exd4 12. Qxd4 Be6 13. Nc3 h6 14. Bf4 Nh5 15.
Qxd6 Nxf4 16. Qxf4 Qd4 17. Qxd4 Bxd4 18. Rfd1 Bb6 19. Bxb7 Rab8 20. Bd5 Bh3 21.
Ne4 Kg7 22. c5 Bc7 23. b4 Be5 24. Ra2 f5 25. Nd6 f4 26. Re1 Bd4 27. gxf4 Rxf4
28. Re7+ Kf8 29. Rf7+ Rxf7 30. Nxf7 Re8 31. Bg2 Re1+ {White resigns} 0-1

[Event "Team 45 45 League T54"]
[Site "Internet Chess Club"]
[Date "2012.08.25"]
[Round "2"]
[White "arconia"]
[Black "GideonL"]
[Result "1-0"]
[WhiteElo "1347"]
[BlackElo "1199"]
[Opening "King's pawn game"]
[ECO "C44"]
[Time "13:00:36"]
[TimeControl "2700+45"]

1. e4 e5 2. Nf3 Nc6 3. b3 Nf6 4. d3 Bb4+ 5. Bd2 d6 6. Bxb4 Nxb4 7. Nc3 Bg4 8.
Be2 O-O 9. O-O Bxf3 10. Bxf3 Nc6 11. Nd5 Nxd5 12. exd5 Ne7 13. c4 Nf5 14. Be4
Nd4 15. f4 f5 16. Bf3 exf4 17. Qd2 Nxf3+ 18. Rxf3 Qf6 19. Raf1 g5 20. h3 Qd4+
21. Kh1 Rfe8 22. g3 fxg3 23. Rxf5 Qe3 24. Rxg5+ Kh8 25. Qc3+ Qe5 {Black resigns}
1-0

[Event "Team 45 45 League T54"]
[Site "Internet Chess Club"]
[Date "2012.08.27"]
[Round "2"]
[White "tamky70"]
[Black "lawth3"]
[Result "1-0"]
[WhiteElo "1404"]
[BlackElo "1257"]
[Opening "Bird's opening"]
[ECO "A02"]
[Time "20:30:22"]
[TimeControl "2700+45"]

1. f4 Nf6 2. Nf3 d5 3. e3 Bf5 4. d3 e6 5. Be2 Bb4+ 6. c3 Ba5 7. Bd2 Bb6 8. Na3
c6 9. Nc2 c5 10. O-O h6 11. Nce1 O-O 12. a4 a5 13. Qb3 Nbd7 14. Qd1 e5 15. Nxe5
Nxe5 16. fxe5 Nd7 17. Nf3 Bc7 18. d4 f6 19. Bb5 fxe5 20. dxe5 Nxe5 21. Nxe5 Bxe5
22. Qh5 Qf6 23. Be2 Qg5 24. Qxg5 hxg5 25. Bf3 Be6 26. e4 Rfd8 27. Bxg5 Rd7 28.
exd5 Bxd5 29. Rad1 Re8 30. Bxd5+ Kh7 31. Be4+ Kg8 32. Rxd7 {Black resigns} 1-0

[Event "Team 45 45 League T54"]
[Site "Internet Chess Club"]
[Date "2012.08.26"]
[Round "2"]
[White "Macovitski"]
[Black "theartist"]
[Result "1-0"]
[WhiteElo "1136"]
[BlackElo "1149"]
[Opening "French: Two knights variation"]
[ECO "C00"]
[Time "09:01:57"]
[TimeControl "2700+45"]

1. e4 e6 2. Nf3 d5 3. Nc3 c6 4. d4 Bb4 5. e5 Ne7 6. Bd3 h6 7. O-O Bxc3 8. bxc3
O-O 9. Rb1 b6 10. Be3 Ba6 11. Qe2 Bxd3 12. Qxd3 Nf5 13. Rfe1 Nd7 14. c4 Qc7 15.
cxd5 cxd5 16. Rbc1 Qc4 17. Qxc4 dxc4 18. Bd2 f6 19. Bb4 Rf7 20. exf6 Rxf6 21.
Bc3 Nf8 22. d5 Rf7 23. Ne5 Re7 24. Bb4 Ree8 25. dxe6 Rxe6 26. Nxc4 Ree8 27. Rcd1
Rad8 28. Rxd8 Rxd8 29. Ne5 Re8 30. f4 Nd7 31. Nxd7 Rxe1+ 32. Bxe1 Kf7 33. g4 Nd4
34. Kf2 Nxc2 35. Ne5+ Ke6 36. Bd2 Nd4 37. h4 Kd5 38. Bc3 Ne6 39. Ke3 g5 40. hxg5
hxg5 41. f5 Nf4 42. f6 Ne6 43. Nc6 Kxc6 44. Ke4 Kd7 45. Kf5 Nc5 46. Kxg5 Ne4+
47. Kg6 Nxc3 48. f7 Ke7 49. Kg7 Kd6 50. f8=Q+ Kc6 51. Qf6+ Kb5 52. Qxc3 {Black
resigns} 1-0

[Event "Team 45 45 League T54"]
[Site "Internet Chess Club"]
[Date "2012.08.25"]
[Round "2"]
[White "joshq03"]
[Black "Conjurer"]
[Result "1/2-1/2"]
[WhiteElo "1417"]
[BlackElo "1525"]
[Opening "Sicilian: Alapin's variation (2.c3)"]
[ECO "B22"]
[Time "13:01:21"]
[TimeControl "2700+45"]

1. e4 c5 2. c3 Nf6 3. e5 Nd5 4. d4 cxd4 5. cxd4 e6 6. f4 Nc6 7. Nf3 Bb4+ 8. Bd2
O-O 9. Bxb4 Ncxb4 10. a3 Ne3 11. Qd2 Nbc2+ 12. Kf2 Nxa1 13. Qxe3 Qa5 14. b4 Qd5
15. Nc3 Qb3 16. Qc1 Qc2+ 17. Qxc2 Nxc2 18. Bd3 Nxa3 19. Ra1 a6 20. Rxa3 b5 21.
Nxb5 Bb7 22. Nd6 Bd5 23. Ng5 g6 24. Ngxf7 Rxf7 25. Nxf7 Kxf7 26. Rxa6 Rb8 27. b5
Ke7 28. g4 h5 29. g5 Kf7 30. h4 Ke7 31. Ke3 Kf7 32. b6 Bb7 33. Ra5 Bc6 34. Ra6
Bb7 35. Ra7 Bc6 36. Be4 Bxe4 37. Kxe4 Rxb6 38. Rxd7+ Kf8 39. Rh7 Ra6 40. Rb7 Ra5
41. Rb6 Kf7 42. Rd6 Ra1 43. Rd7+ Ke8 44. Rg7 Re1+ 45. Kf3 Rf1+ 46. Kg2 Rxf4 47.
Rxg6 Kf7 48. Rh6 Rxh4 49. g6+ Kg7 50. Kg3 Rxd4 51. Rxh5 Kxg6 52. Rh8 Kf5 53.
Rh5+ Kg6 54. Rh8 Re4 55. Rg8+ Kf7 56. Rg5 {Game drawn by mutual agreement}
1/2-1/2

[Event "Team 45 45 League T54"]
[Site "Internet Chess Club"]
[Date "2012.08.26"]
[Round "2"]
[White "guyd52"]
[Black "moodle"]
[Result "0-1"]
[WhiteElo "1271"]
[BlackElo "1295"]
[Opening "Réti: King's Indian attack (Barcza system)"]
[ECO "A07"]
[Time "18:00:55"]
[TimeControl "2700+45"]

1. Nf3 d5 2. g3 Nf6 3. Bg2 Nc6 4. d3 e5 5. O-O Bg4 6. Nbd2 Bd6 7. e4 dxe4 8.
Nxe4 Nxe4 9. dxe4 O-O 10. Be3 Qe7 11. Qd2 Bc5 12. Rad1 Rad8 13. Qc3 Bxe3 14.
Qxe3 Qb4 15. b3 Qa5 16. a4 Rxd1 17. Rxd1 Nd4 18. Rd2 Bxf3 19. Bf1 Bg4 20. Bc4
Nf3+ 21. Kg2 Qxd2 22. Qxa7 Qd1 23. Bf1 Bh3+ 24. Kxh3 Qxf1+ 25. Kg4 Nxh2+ 26. Kf5
Re8 27. Qc5 Qh3+ 28. Kg5 h6# {White checkmated} 0-1

[Event "Team 45 45 League T54"]
[Site "Internet Chess Club"]
[Date "2012.08.26"]
[Round "2"]
[White "IPWN"]
[Black "dabodhi"]
[Result "0-1"]
[WhiteElo "1117"]
[BlackElo "1327"]
[Opening "Queen's pawn game"]
[ECO "E20"]
[Time "14:23:54"]
[TimeControl "2700+45"]

1. d4 Nf6 2. c4 e6 3. Nc3 b6 4. e4 Bb7 5. Bd3 Bb4 6. Bd2 Bxc3 7. Bxc3 Nxe4 8.
Bb4 Qf6 9. Nf3 a5 10. Ba3 d5 11. cxd5 Bxd5 12. O-O Nc6 13. Qa4 Nd6 14. Ne5 Qg5
15. g3 O-O 16. Nxc6 Qf6 17. Ne5 Rfe8 18. b3 Ne4 19. Bb5 Nc3 20. Nd7 Qf3 21. Nf6+
gxf6 22. Bxe8 Qg2# {White checkmated} 0-1

[Event "Team 45 45 League T54"]
[Site "Internet Chess Club"]
[Date "2012.08.26"]
[Round "2"]
[White "carolinaknight"]
[Black "mc9999"]
[Result "0-1"]
[WhiteElo "1121"]
[BlackElo "1190"]
[Opening "Sicilian: closed, 2...Nc6"]
[ECO "B23"]
[Time "14:05:15"]
[TimeControl "2700+45"]

1. e4 c5 2. Nc3 Nc6 3. f3 e6 4. Nge2 d5 5. exd5 exd5 6. Ng3 a6 7. Be2 Bd6 8. O-O
Nf6 9. Qe1 O-O 10. Bd3 Nb4 11. Nf5 Nxd3 12. cxd3 Bxf5 13. Qg3 {White resigns}
0-1

[Event "Team 45 45 League T54"]
[Site "Internet Chess Club"]
[Date "2012.08.27"]
[Round "2"]
[White "Achelous"]
[Black "badmove"]
[Result "1-0"]
[WhiteElo "1711"]
[BlackElo "1739"]
[Opening "Ponziani: Jaenisch counter-attack"]
[ECO "C44"]
[Time "17:38:08"]
[TimeControl "2700+45"]

1. e4 e5 2. Nf3 Nc6 3. c3 Nf6 4. Qc2 d5 5. exd5 Qxd5 6. b3 Bg4 7. Be2 e4 8. Ng1
Bxe2 9. Nxe2 e3 10. dxe3 Qxg2 11. Rg1 Qxh2 12. Nd2 Bd6 13. Bb2 Rg8 14. Qf5 Qe5
15. Qh3 Qh5 16. Qg2 O-O-O 17. f4 Bc5 18. Rh1 Qd5 19. Qh3+ Kb8 20. O-O-O Qd7 21.
Qf3 Qe7 22. e4 Ba3 23. e5 Bxb2+ 24. Kxb2 Nd5 25. Ne4 h6 26. b4 Nb6 27. Nc5 Nc4+
28. Kc1 a6 29. Nd4 N4a5 30. Nf5 Rxd1+ 31. Rxd1 Qf8 32. Nd7+ {Black resigns} 1-0

[Event "Team 45 45 League T54"]
[Site "Internet Chess Club"]
[Date "2012.08.26"]
[Round "2"]
[White "ILRE"]
[Black "clarinetref"]
[Result "1/2-1/2"]
[WhiteElo "1565"]
[BlackElo "1629"]
[Opening "King's Indian: 4.e4"]
[ECO "E70"]
[Time "21:04:25"]
[TimeControl "2700+45"]

1. d4 Nf6 2. c4 g6 3. Nc3 Bg7 4. e4 d6 5. Bd3 Nc6 6. Nge2 O-O 7. O-O Nb4 8. Bb1
c5 9. a3 cxd4 10. Nxd4 Nc6 11. Be3 Ng4 12. Nxc6 bxc6 13. Bg5 Ne5 14. Ba2 Ba6 15.
b3 Nxc4 16. bxc4 Bxc3 17. Rc1 Bg7 18. Kh1 d5 19. exd5 cxd5 20. Re1 Re8 21. Qxd5
Qxd5 22. cxd5 Bb2 23. Rc7 Bxa3 24. Be3 Bd6 25. Rxa7 Rxa7 26. Bxa7 Ra8 27. Be3
Bb7 28. Bc4 Ra5 29. Rd1 Ba6 30. Bxa6 Rxa6 31. g3 f6 32. Kg2 g5 33. Rc1 Ra5 34.
Rd1 Kf7 35. Kf3 Kg6 36. h3 h5 37. g4 hxg4+ 38. hxg4 f5 39. gxf5+ Kxf5 40. Rg1
Bf4 41. Rd1 Bxe3 42. Kxe3 Ke5 43. Kf3 Ra4 44. Kg3 Rf4 45. Kg2 g4 46. Kg3 Rf3+
47. Kxg4 Rxf2 48. Kg5 Kd6 49. Kg4 Re2 50. Kf4 Re5 51. Kf3 Rxd5 52. Rh1 Rd4 53.
Ke3 Rg4 54. Rd1+ Ke5 55. Ra1 Re4+ 56. Kf3 Rd4 57. Ke3 Rd5 58. Rb1 Kf5 59. Rf1+
Kg6 60. Ke4 Rb5 61. Rf2 Rg5 62. Rf1 Rg2 63. Kd3 Rg4 64. Ke3 e5 65. Rf2 Kg5 66.
Rf8 Rf4 67. Rxf4 exf4+ 68. Kf3 Kf5 69. Kf2 Ke4 70. Ke2 f3+ 71. Kf2 Kf4 72. Kf1
Kg3 73. Kg1 {Game drawn by mutual agreement} 1/2-1/2

[Event "Team 45 45 League T54"]
[Site "Internet Chess Club"]
[Date "2012.08.25"]
[Round "2"]
[White "tryanything"]
[Black "Helaman"]
[Result "0-1"]
[WhiteElo "1575"]
[BlackElo "1642"]
[Opening "Evans gambit"]
[ECO "C52"]
[Time "19:00:29"]
[TimeControl "2700+45"]

1. e4 e5 2. Nf3 Nc6 3. Bc4 Bc5 4. b4 Bxb4 5. c3 Ba5 6. O-O Nf6 7. d4 exd4 8. e5
Ne4 9. Ba3 d5 10. exd6 cxd6 11. Qb3 O-O 12. Nxd4 Bb6 13. Bd5 Nxd4 14. cxd4 Bxd4
15. Bb2 Bxb2 16. Qxb2 Qf6 17. Qxf6 Nxf6 18. Nc3 Nxd5 19. Nxd5 Be6 20. Rfd1 Rad8
21. Rac1 Rd7 22. f3 f6 23. a3 Kf7 24. Rc7 Re8 25. Rdc1 Rd8 26. Nf4 Rxc7 27.
Rxc7+ Rd7 28. Rc3 g5 29. Nxe6 Kxe6 30. Kf2 d5 31. Ke2 h5 32. h3 Ke5 33. g3 Rd6
34. Rc7 Rb6 35. Rh7 Rb2+ 36. Kd3 Rb3+ 37. Ke2 Rxa3 38. Rxh5 Kd4 39. h4 Ra2+ 40.
Kf1 b5 41. hxg5 fxg5 42. Rxg5 b4 {White resigns} 0-1

[Event "Team 45 45 League T54"]
[Site "Internet Chess Club"]
[Date "2012.08.25"]
[Round "2"]
[White "CKNIGHT3"]
[Black "PostMike"]
[Result "1/2-1/2"]
[WhiteElo "1586"]
[BlackElo "1443"]
[Opening "Nimzo-Indian: 4.e3 O-O, 5.Bd3"]
[ECO "E47"]
[Time "12:00:39"]
[TimeControl "2700+45"]

1. d4 Nf6 2. c4 e6 3. Nc3 Bb4 4. e3 O-O 5. Bd3 c5 6. Ne2 d5 7. a3 Ba5 8. O-O
dxc4 9. Bxc4 cxd4 10. exd4 Bxc3 11. bxc3 b6 12. Bg5 Nbd7 13. d5 Nc5 14. dxe6
Bxe6 15. Bxe6 fxe6 16. Re1 h6 17. Be3 Nfd7 18. Qd6 Qf6 19. f3 e5 20. Bxc5 Nxc5
21. Qd5+ Kh8 22. Ng3 Rfe8 23. Rad1 Rad8 24. Qc4 Qf4 25. Ne4 Rxd1 26. Rxd1 Qe3+
27. Kf1 Nxe4 28. Qxe4 Qxc3 29. Rd3 Qc7 30. g3 Qb8 31. Re3 b5 32. f4 Rf8 33. Qxe5
Qxe5 34. Rxe5 a6 35. Ke2 Rf6 36. Ke3 Kg8 37. g4 Kf7 38. h4 Rc6 39. Kd3 Rc4 40.
Re4 Rc1 41. a4 Rb1 42. Kc2 Rh1 43. h5 Rg1 44. axb5 axb5 45. Kd3 Rxg4 46. Rb4
Rg3+ 47. Ke4 Rg1 48. Rxb5 Re1+ 49. Kf3 Rf1+ 50. Kg3 Rg1+ 51. Kf2 Ra1 52. Ke3
Ra3+ 53. Ke4 Ra7 54. Rf5+ Kg8 55. Re5 Rf7 56. f5 Ra7 57. Rc5 Kf7 58. Rc6 Re7+
59. Kf4 Rd7 60. Rc4 Re7 61. Rd4 Ra7 62. Re4 Ra6 63. Rd4 Kf6 64. Re4 Rb6 65. Rd4
Ra6 66. Re4 Rb6 67. Kg4 Ra6 68. Kf4 Rb6 69. Rd4 Ra6 70. Re4 Rb6 {Game drawn by
repetition} 1/2-1/2

[Event "Team 45 45 League T54"]
[Site "Internet Chess Club"]
[Date "2012.09.02"]
[Round "2"]
[White "LittleButton"]
[Black "Grenadier"]
[Result "1-0"]
[WhiteElo "1766"]
[BlackElo "1740"]
[Opening "Caro-Kann: exchange variation"]
[ECO "B13"]
[Time "09:00:34"]
[TimeControl "2700+45"]

1. e4 c6 2. d4 d5 3. exd5 cxd5 4. Bd3 Nc6 5. c3 Qc7 6. Ne2 e6 7. Bf4 Bd6 8. Bxd6
Qxd6 9. f4 Nf6 10. Nd2 Ng4 11. Nf1 f5 12. h3 Nf6 13. Nh2 Bd7 14. Nf3 Ne4 15. Ne5
Nxe5 16. dxe5 Qe7 17. O-O g5 18. Bxe4 dxe4 19. Nd4 h5 20. Qb3 b6 21. fxg5 Qc5
22. Rad1 Qxe5 23. g6 Ke7 24. Rxf5 exf5 25. Qf7+ Kd8 26. Nc6+ {Black resigns} 1-0

[Event "Team 45 45 League T54"]
[Site "Internet Chess Club"]
[Date "2012.08.25"]
[Round "2"]
[White "zepled37"]
[Black "Skeptic1972"]
[Result "0-1"]
[WhiteElo "1534"]
[BlackElo "1686"]
[Opening "Réti opening"]
[ECO "A05"]
[Time "15:19:09"]
[TimeControl "2700+45"]

1. Nf3 Nf6 2. b3 b6 3. Bb2 Bb7 4. c4 d5 5. Nc3 dxc4 6. bxc4 c5 7. e3 Nc6 8. d4
cxd4 9. exd4 e6 10. Be2 Bb4 11. O-O O-O 12. Rc1 Rc8 13. Qd3 Na5 14. Ne5 Nd7 15.
Nxd7 Qxd7 16. Nd1 Ba6 17. Ne3 Rfd8 18. Qe4 Bd2 19. Rc2 Bxe3 20. fxe3 Bxc4 21.
Rxc4 Nxc4 22. Ba1 Nd2 23. Qg4 Nxf1 24. d5 e5 25. Qxd7 Rxd7 26. Bg4 Nxe3 27. Bxd7
Rc1+ 28. Kf2 Rxa1 29. Kxe3 Rxa2 30. Ke4 f6 31. Kf5 Kf8 32. Ke6 e4 33. d6 e3 34.
Bb5 e2 35. Bxe2 Rxe2+ 36. Kd7 Rxg2 37. Kd8 Rxh2 38. d7 Rd2 {White resigns} 0-1

[Event "Team 45 45 League T54"]
[Site "Internet Chess Club"]
[Date "2012.08.30"]
[Round "2"]
[White "Xanther"]
[Black "GoIrish"]
[Result "1/2-1/2"]
[WhiteElo "1583"]
[BlackElo "1593"]
[Opening "Alekhine's defense: Scandinavian variation"]
[ECO "B02"]
[Time "20:32:50"]
[TimeControl "2700+45"]

1. e4 Nf6 2. Nc3 d5 3. e5 d4 4. exf6 dxc3 5. fxg7 cxd2+ 6. Qxd2 Qxd2+ 7. Bxd2
Bxg7 8. O-O-O Bf5 9. Nf3 O-O 10. Bc4 c5 11. Rhe1 e6 12. Nh4 Bg6 13. Nxg6 hxg6
14. Be3 b6 15. Bf4 Nc6 16. Rd6 Nd4 17. c3 Nf5 18. Rd7 Bh6 19. Bxh6 Nxh6 20. h3
Rfe8 21. Red1 Kf8 22. Be2 Re7 23. Bf3 Rae8 24. Bc6 Nf5 25. g4 Ng7 26. Rxe7 Rxe7
27. Rd8+ Ne8 28. h4 f6 29. h5 g5 30. h6 Rh7 31. Rxe8+ Kf7 32. Ra8 Kg6 33. Be4+
f5 34. gxf5+ exf5 35. Bd3 Kxh6 36. Rf8 Rd7 37. Bxf5 Re7 38. Kd2 Kg7 39. Rd8 Kf6
40. Bd3 Rg7 41. Ke3 Ke7 42. Rd5 Kf6 43. Rf5+ Ke6 44. Ke4 Kd6 45. Rf6+ Ke7 46.
Kf5 g4 47. Bc4 g3 48. fxg3 Rxg3 49. Rf7+ Kd6 50. Rxa7 Rg2 51. b3 Rc2 52. Bb5
Rf2+ 53. Ke4 Rh2 54. Kf5 Rf2+ 55. Ke4 Rh2 56. Kf5 Rf2+ 57. Ke4 {Game drawn by
repetition} 1/2-1/2

[Event "Team 45 45 League T54"]
[Site "Internet Chess Club"]
[Date "2012.08.27"]
[Round "2"]
[White "AlPearson"]
[Black "N3QW"]
[Result "1-0"]
[WhiteElo "1263"]
[BlackElo "1408"]
[Opening "Queen's gambit accepted"]
[ECO "D26"]
[Time "11:10:41"]
[TimeControl "2700+45"]

1. d4 d5 2. c4 dxc4 3. e3 Nf6 4. Bxc4 e6 5. Nf3 b6 6. O-O Bb7 7. Nc3 Nbd7 8. Bd2
a6 9. a4 c5 10. Qe2 Bd6 11. Rfd1 O-O 12. Be1 a5 13. dxc5 Bxc5 14. Rac1 Qc7 15.
Nb5 Qc6 16. Qf1 e5 17. Rc2 e4 18. Nfd4 Qc8 19. Nd6 Qb8 20. Nxb7 Qxb7 21. Rdc1
Rfd8 22. Bb5 Rac8 23. Nb3 h5 24. Ba6 Qd5 25. Bxc8 Rxc8 26. Nxc5 bxc5 27. Bxa5
Ra8 28. Qb5 Qd6 29. Be1 Ng4 30. g3 h4 31. Rd2 Qh6 32. Qxd7 hxg3 33. fxg3 Qxh2+
34. Rxh2 {Black resigns} 1-0

[Event "Team 45 45 League T54"]
[Site "Internet Chess Club"]
[Date "2012.08.26"]
[Round "2"]
[White "SymbolicJester"]
[Black "room-matt"]
[Result "0-1"]
[WhiteElo "1841"]
[BlackElo "1805"]
[Opening "Four knights: Italian variation"]
[ECO "C47"]
[Time "13:05:18"]
[TimeControl "2700+45"]

1. e4 e5 2. Nf3 Nc6 3. Nc3 Nf6 4. Bc4 Nxe4 5. Nxe4 d5 6. Bxd5 Qxd5 7. d3 f5 8.
Nc3 Qa5 9. O-O Bd6 10. Re1 O-O 11. Bd2 Qb6 12. Nd5 Qxb2 13. c4 Qa3 14. Bc3 Re8
15. Ng5 h6 16. Qh5 Rf8 17. Nf3 Be6 18. Bxe5 Nxe5 19. Nxe5 Bxd5 20. cxd5 Bxe5 21.
Rxe5 Qxd3 22. Rae1 Qc3 23. h3 Rad8 24. Qg6 Rd6 25. Qh5 Kh7 26. R1e3 Qc2 27. Re7
f4 28. R3e4 Rg6 29. Qe5 f3 30. g3 Qb1+ 31. Re1 Qxa2 32. Rxc7 Rg5 33. Qe4+ Kh8
34. d6 Rxg3+ 35. Kf1 Qa6+ 36. Rc4 Rxh3 37. Kg1 Qxd6 38. Qe5 Qg6+ {White resigns}
0-1

[Event "Team 45 45 League T54"]
[Site "Internet Chess Club"]
[Date "2012.08.26"]
[Round "2"]
[White "mellizas2003"]
[Black "PaulRichard"]
[Result "1-0"]
[WhiteElo "1710"]
[BlackElo "1532"]
[Opening "French: advance, Euwe variation"]
[ECO "C02"]
[Time "02:00:09"]
[TimeControl "2700+45"]

1. e4 e6 2. d4 d5 3. e5 c5 4. c3 Nc6 5. Nf3 Bd7 6. Bd3 cxd4 7. cxd4 Qb6 8. O-O
Nge7 9. Nc3 Ng6 10. Be3 a6 11. Rb1 Bb4 12. Qe2 Rc8 13. h4 Bxc3 14. bxc3 Qc7 15.
Ng5 h6 16. Nxf7 Kxf7 17. Qf3+ Ke7 18. Bxg6 Rhf8 19. Qg3 Be8 20. Bc1 Qa5 21.
Rxb7+ Kd8 22. Bxe8 Kxe8 23. Qxg7 {Black resigns} 1-0

[Event "Team 45 45 League T54"]
[Site "Internet Chess Club"]
[Date "2012.08.26"]
[Round "2"]
[White "Check101"]
[Black "chrisgianno"]
[Result "1-0"]
[WhiteElo "1552"]
[BlackElo "1628"]
[Opening "Ruy Lopez: classical defense, 4.c3"]
[ECO "C64"]
[Time "10:05:57"]
[TimeControl "2700+45"]

1. e4 e5 2. Nf3 Nc6 3. Bb5 Bc5 4. c3 Nf6 5. O-O O-O 6. d4 exd4 7. cxd4 Be7 8.
Nc3 d6 9. Re1 Bg4 10. Qd3 Bxf3 11. Bxc6 Bxe4 12. Bxe4 Nxe4 13. Qxe4 Bf6 14. Nd5
c6 15. Nxf6+ Qxf6 16. Bf4 g5 17. Bg3 Rfe8 18. Qg4 d5 19. Be5 Qg6 20. h4 f6 21.
Bg3 h5 22. Qd7 Qf7 23. Qf5 g4 24. Kf1 Kg7 25. Re3 Qg6 26. Qf4 Qc2 27. Rae1 Rf8
28. Re7+ Rf7 29. Rxf7+ Kxf7 30. Qc7+ Kg6 31. Qxb7 Qc4+ 32. Kg1 Rf8 33. Qxa7 Qb4
34. Qe7 Qxd4 35. Qxf8 Qxb2 36. Qe8+ Kf5 37. Re2 Qb1+ 38. Kh2 c5 39. Qe6+ Kg6 40.
Qxd5 {Black resigns} 1-0

[Event "Team 45 45 League T54"]
[Site "Internet Chess Club"]
[Date "2012.08.27"]
[Round "2"]
[White "DutchBird"]
[Black "seattleblues"]
[Result "1-0"]
[WhiteElo "1373"]
[BlackElo "1378"]
[Opening "Caro-Kann: Panov-Botvinnik attack, 5...e6"]
[ECO "B14"]
[Time "21:30:14"]
[TimeControl "2700+45"]

1. e4 c6 2. d4 d5 3. exd5 cxd5 4. c4 Nf6 5. Nc3 e6 6. Nf3 Bb4 7. cxd5 Nxd5 8.
Bd2 O-O 9. Bd3 Bxc3 10. bxc3 b6 11. Qe2 Nd7 12. O-O Bb7 13. Rfc1 Re8 14. Qe4
N7f6 15. Qe2 Rc8 16. Ne5 Ne7 17. a4 Qd5 18. f3 Nc6 19. Re1 Nxe5 20. Qxe5 Qxe5
21. Rxe5 Nd5 22. Rc1 f6 23. Re2 g5 24. c4 Nf4 25. Bxf4 gxf4 26. c5 bxc5 27. Rxc5
Rcd8 28. Rc7 Bc8 29. Bxh7+ Kf8 30. Rxa7 Re7 31. Rxe7 Kxe7 32. Rd2 e5 33. d5 Bb7
34. d6+ Rxd6 35. Rxd6 Kxd6 36. h4 Ke7 37. h5 Bd5 38. a5 Kf8 39. a6 Kg7 40. Bg6
Kh6 41. a7 f5 42. Bxf5 Kxh5 43. Be4 {Black resigns} 1-0

[Event "Team 45 45 League T54"]
[Site "Internet Chess Club"]
[Date "2012.08.25"]
[Round "2"]
[White "ticopatzer"]
[Black "fireball"]
[Result "1-0"]
[WhiteElo "1656"]
[BlackElo "1739"]
[Opening "French defense"]
[ECO "C00"]
[Time "18:07:51"]
[TimeControl "2700+45"]

1. e4 e6 2. Nf3 d5 3. exd5 exd5 4. d4 Nf6 5. Nc3 c5 6. Bb5+ Nc6 7. Qe2+ Be7 8.
dxc5 O-O 9. O-O Bxc5 10. Bg5 Bg4 11. Bxf6 Qxf6 12. Nxd5 Qxb2 13. Bxc6 bxc6 14.
Ne3 Bxe3 15. Qxe3 Qxc2 16. Rfc1 Qa4 17. Ne5 Rfe8 18. Qc5 Rac8 19. Rab1 Be6 20.
Nxc6 Qh4 21. Rb7 Kh8 22. Rxa7 Qe4 23. h3 Bd5 24. f3 Qd3 25. Nb4 Rxc5 26. Nxd3
Rb5 27. a4 Rb3 28. Nf4 Ba8 29. Rxf7 h6 30. Rcc7 Rb1+ 31. Kh2 Rb2 32. Ng6+ {Black
resigns} 1-0

[Event "Team 45 45 League T54"]
[Site "Internet Chess Club"]
[Date "2012.08.26"]
[Round "2"]
[White "Insan996"]
[Black "Frankly"]
[Result "1-0"]
[WhiteElo "1605"]
[BlackElo "1767"]
[Opening "Queen's pawn game"]
[ECO "D04"]
[Time "14:00:34"]
[TimeControl "2700+45"]

1. d4 Nf6 2. Nf3 d5 3. e3 c5 4. Bd3 Nc6 5. O-O Bg4 6. Nbd2 e5 7. dxe5 Nxe5 8.
Bb5+ Nfd7 9. c4 dxc4 10. Qe2 Be7 11. Rd1 O-O 12. Nxc4 Nxc4 13. Qxc4 Be6 14. Qa4
Qb6 15. Bxd7 Bxd7 16. Rxd7 Bf6 17. Qb3 Qa6 18. Bd2 b5 19. Bc3 Qc6 20. Rad1 c4
21. Qc2 Bd8 22. Qf5 a5 23. R1d6 Qc8 24. Ng5 Bxg5 25. Qxg5 {Black resigns} 1-0

[Event "Team 45 45 League T54"]
[Site "Internet Chess Club"]
[Date "2012.08.26"]
[Round "2"]
[White "julesraider"]
[Black "nidusin2"]
[Result "0-1"]
[WhiteElo "1601"]
[BlackElo "1621"]
[Opening "Nimzo-Indian: classical, Pirc variation"]
[ECO "E39"]
[Time "08:17:27"]
[TimeControl "2700+45"]

1. d4 Nf6 2. c4 e6 3. Nc3 Bb4 4. Qc2 c5 5. dxc5 O-O 6. a3 Bxc5 7. Nf3 Nc6 8. Bg5
Be7 9. e3 b6 10. Bd3 h6 11. Bh4 Bb7 12. Rd1 a6 13. O-O Nh5 14. Bxe7 Nxe7 15. Be4
Qc7 16. Bxb7 Qxb7 17. Ne5 Nf6 18. Rd2 Qc7 19. f4 d6 20. Nf3 Nf5 21. Qd3 Ng4 22.
Nd1 Rfd8 23. e4 Qc5+ 24. Kh1 Nfe3 25. Nxe3 Qxe3 26. Qxe3 Nxe3 27. Rc1 Rac8 28.
b3 b5 29. Rd3 Ng4 30. Rdc3 Nf2+ 31. Kg1 Nxe4 32. R3c2 bxc4 33. bxc4 Nc5 34. Rb1
Rb8 35. Rcb2 Rxb2 36. Rxb2 Nd7 37. Nd4 Rb8 38. Rb4 Rb6 39. Kf2 g5 40. g3 Kf8 41.
Ke3 Ke7 42. Nb3 Rxb4 43. axb4 Nb6 44. Kd4 Kd7 45. fxg5 hxg5 46. Nd2 e5+ 47. Ke4
Ke6 48. h4 f5+ 49. Kf3 gxh4 50. gxh4 Kf6 51. c5 dxc5 52. bxc5 Nd5 53. Nc4 e4+
54. Kf2 f4 55. c6 Kg6 56. Nd6 e3+ 57. Kf3 Nc7 58. Nc4 Kh5 59. Ne5 a5 60. Kxf4 e2
61. Nd3 a4 62. Ke3 a3 63. Kxe2 a2 {White resigns} 0-1